 Dungeon Crawl Stone Soup version 0.31-a0-631-g285b096dc4 (webtiles) character file.

Game seed: 802864059967962217

2692 kae the Mimic (level 9, -5/102 HPs)
             Began as a Demonspawn Shapeshifter on Aug 25, 2023.
             Was a Believer of Ru.
             Slain by a two-headed ogre
             ... wielding a +0 giant spiked club
              (22 damage)
             ... on level 8 of the Dungeon.
             The game lasted 00:06:08 (7286 turns).

kae the Mimic (Demonspawn Shapeshifter)             Turns: 7286, Time: 00:06:09

Health: -5/102     AC:  4    Str: 15    XL:     9   Next: 38%
Magic:  9/9        EV: 17    Int:  9    God:    Ru [**....]
Gold:   231        SH:  6    Dex: 19    Spells: 8/8 levels left

rFire   . .          .
                       - Unarmed
rCold   . . .        (shield currently unavailable)
rNeg    . . .        a - +2 animal skin
rPois   +            (no helmet)
rElec   .            (no cloak)
rCorr   .            (no gloves)
SInv    .            (no boots)
Will    .....        A - amulet of the acrobat Stlth
                     P - ring of poison resistance
HPRegen 0.37/turn    Y - +4 ring of slaying
MPRegen 0.11/turn

%: acrobat
@: agile, berserking, flux-form, glowing, very quick
A: glow, contaminating, large bone plates 2, powered by pain 3, hated by all,
demonic touch 1
a: Begin Untransformation, Renounce Religion


You were on level 8 of the Dungeon.
You worshipped Ru.
Ru was pleased with you.
You were something dangerously unstable.
You visited 2 branches of the dungeon, and saw 9 of its levels.

You collected 273 gold pieces.
You spent 42 gold pieces at shops.


Innate Abilities, Weirdness & Mutations

You are something dangerously unstable.
You glow with magical radiation, making you easy to see and hit.
Foes you strike become dangerously contaminated with magical radiation.
You are incapable of wielding weapons or throwing items.
You are mostly covered in large bone plates. (SH +6)
You are powered by pain.
You are hated by all.
Your touch may inflict minor irresistible damage on your foes.


   Skills:
 - Level 5.0 Fighting
 - Level 1.7 Dodging
 + Level 6.8 Unarmed Combat
 * Level 8.7 Shapeshifting


You had 8 spell levels left.
You didn't know any spells.
Your spell library contained the following spells:

 Spells                   Type           Power      Damage    Failure   Level
 Lesser Beckoning         Tloc           0%         N/A       52%         2
 Gell's Gravitas          Tloc           0%         N/A       77%         3
 Inner Flame              Hex/Fire       0%         N/A       77%         3
 Portal Projectile        Hex/Tloc       0%         N/A       77%         3
 Teleport Other           Tloc           0%         N/A       77%         3
 Iskenderun's Mystic Bla  Conj/Tloc      0%         2d3       99%         4
 Passage of Golubria      Tloc           0%         N/A       99%         4
 Yara's Violent Unravell  Hex/Tmut       0%         3d3       100%        5
 Eringya's Noxious Bog    Tmut/Pois      0%         4d6       100%        6
 Enfeeble                 Hex            0%         N/A       100%        7
 Tukima's Dance           Hex            Unusable   N/A       N/A         3
 Summon Forest            Summ/Tloc      Unusable   N/A       N/A         5
 Summon Hydra             Summ           Unusable   N/A       N/A         7

Inventory:

Missiles
 g - 4 javelins
 h - 71 stones
 k - 13 boomerangs
 o - 3 throwing nets {=f!f}
 v - 7 poisoned darts
Armour
 a - a +2 animal skin (worn)
Jewellery
 A - an amulet of the acrobat (around neck)
   (You found it on level 2 of the Dungeon)
 P - a ring of poison resistance (left hand)
   (You found it on level 5 of the Dungeon)
 R - a ring of resist corrosion
   (You found it on level 2 of the Dungeon)
 W - a ring of magical power
   (You found it on level 1 of the Dungeon)
 Y - a +4 ring of slaying (right hand)
   (You found it on level 6 of the Dungeon)
Talismans
 c - a beast talisman
 d - a flux talisman (active)
Wands
 b - a wand of polymorph (2)
   (You found it on level 3 of the Dungeon)
 n - a wand of flame (11)
   (You found it on level 4 of the Dungeon)
 q - a wand of acid (16)
   (You found it on level 5 of the Dungeon)
 y - a wand of charming (9)
   (You found it on level 7 of the Dungeon)
Scrolls
 e - 3 scrolls of vulnerability {!r!r}
 r - 2 scrolls of silence {!r}
 t - 5 scrolls of teleportation {@r4}
 x - a scroll of revelation {unknown}
 z - a scroll of fear
 C - a scroll of amnesia {unknown}
Potions
 f - a potion of haste {@q3}
 i - 2 potions of curing {@q1}
 j - a potion of mutation {unknown}
 m - 2 potions of enlightenment
 p - 3 potions of heal wounds {@q2}
 s - 2 potions of resistance
 u - 2 potions of might {unknown}
 w - 3 potions of brilliance {unknown}
 B - 2 potions of magic {unknown}

Dungeon Overview and Level Annotations

Branches:
Dungeon (8/15) Zot: 26338  Temple (1/1) D:5 Zot: 5967
   Lair: D:8-11

Altars:
Ashenzari
Cheibriados
Dithmenos
Gozag
Kikubaaqudgha
Makhleb
Nemelex Xobeh
Qazlal
Ru
Sif Muna
Trog
Uskayaw
Vehumet
Wu Jian
Xom

Shops:
D:6 (   D:7 *:

Annotations:
D:2 Sigmund
D:3 3 runed translucent doors, MoroccanLambKofta's ghost, amateur DsCj
D:4 Grinder

...# #.#..##.......
##<######O...........
###.....# #......$.
###.....#####o#.....#
....##.#.....y# ....#
#......#......# ##.#
..######....y.# . ###
#.....y#######.##
#....yooOB.......
#.....y######.###
#......# #......#
########


You could see a two-headed ogre (contam, misshapen), 3 killer bees and 2 orcs.


Message History

You closely miss the killer bee.
You touch the killer bee!
The killer bee stings you. The killer bee stings you! 😮 HP[-10]
You take 10 damage, and now have 50/68 hp.
Okay, then.
You hit the killer bee.
The killer bee glows dangerously bright.
Your touch misses the killer bee. The killer bee barely misses you.
The killer bee stings you!
You are poisoned.
The killer bee poisons you!
Unknown command.
You punch the killer bee!
You kill the killer bee!
You feel sick. The killer bee stings you!
* * * LOW HITPOINT WARNING * * *
Unknown command. 😨 HP[-17]
You take 17 damage, and now have 33/68 hp.
MASSIVE DAMAGE!! (PAUSE) Unknown command.
You hit the killer bee.
The killer bee begins to glow.
Your touch misses the killer bee.
You feel sick. 😨 HP[-1]
You take 1 damage, and now have 32/68 hp.
Unknown command.
You hit the killer bee.
The killer bee begins to glow.
Your touch misses the killer bee.
You feel sick. The killer bee stings you.
* * * LOW HITPOINT WARNING * * *
You block the killer bee's attack. 😨 HP[-3]
You take 3 damage, and now have 29/68 hp.
Okay, then.
You hit the killer bee.
The killer bee glows dangerously bright.
You feel sick.
You redirect the killer bee's attack!
The killer bee barely misses the two-headed ogre.
The killer bee buzzes angrily. 😨 HP[-1]
You take 1 damage, and now have 28/68 hp.
You hit the killer bee.
The killer bee shudders as magic cascades through it!!
You kill the killer bee!
You feel sick.
You hear an angry buzzing noise.
A killer bee comes into view.
The killer bee stings you but does no damage.
The killer bee moves out of view. 😨 HP[-1]
You take 1 damage, and now have 27/68 hp.
You punch the killer bee!
The killer bee glows dangerously bright.
You touch the killer bee!
You feel sick. You block the killer bee's attack. x2
You feel sick. The killer bee misses you. 😨 HP[-1]
You take 1 damage, and now have 26/68 hp.
You feel better. The killer bee barely misses you. The killer bee stings you.
* * * LOW HITPOINT WARNING * * *
😨 HP[+5]
You regained 5 hp, and now have 31/68 hp.
A red film seems to cover your vision as you go berserk!
You feel yourself moving faster!
You feel mighty! You block the killer bee's attack.
The killer bee misses you. 😨 HP[+16]
You now have 102 max hp (+34).
You regained 16 hp, and now have 47/102 hp.
You hit the killer bee.
The killer bee glows dangerously bright.
The killer bee completely misses you. 😨 HP[+1] Unknown command.
You punch the killer bee!
You kill the killer bee!
You punch the two-headed ogre!
The two-headed ogre begins to glow.
Unknown command.
You hit the two-headed ogre.
The two-headed ogre glows dangerously bright.
The two-headed ogre hits you with a +0 giant spiked club!!
* * * LOW HITPOINT WARNING * * *
You focus on the pain.
You feel agile all of a sudden.
The two-headed ogre hits you with a +0 giant club!
* * * LOW HITPOINT WARNING * * *
You block the orc's attack. 😱 HP[-28]
You take 28 damage, and now have 20/102 hp.
MASSIVE DAMAGE!! (PAUSE)
You hit the two-headed ogre.
The two-headed ogre shudders as magic cascades through it.
The two-headed ogre twists and deforms.
The orc hits you from afar with a +0 trident.
* * * LOW HITPOINT WARNING * * *
😱 HP[-3]
You take 3 damage, and now have 17/102 hp.
Unknown command.
You punch the two-headed ogre!
The two-headed ogre begins to glow.
You touch the two-headed ogre!
You block the two-headed ogre's attack.
The two-headed ogre hits you with a +0 giant club!!
You die...

Skill      XL: |  1  2  3  4  5  6  7  8  9 |
---------------+----------------------------+-----
Shapeshifting  | 3 4 5 6 7 8 |  8.7
Unarmed Combat | 3 4 5 6 |  6.8
Fighting       | 2 3 4 5 |  5.0
Dodging        | |  1.7

Action                     |  1- 3 |  4- 6 |  7- 9 || total
---------------------------+-------+-------+-------++-------
  Melee: Unarmed           |   128 |   118 |   210 ||   456
         Punch             |     3 |     3 |     3 ||     9
         Touch             |       |    13 |    39 ||    52
 Invoke: Sacrifice Love    |       |       |     1 ||     1
  Evoke: Wand              |       |     4 |       ||     4
    Use: Scroll            |     3 |    15 |     2 ||    20
         Potion            |     1 |       |     2 ||     3
   Stab: Sleeping          |     2 |     1 |       ||     3
         Distracted        |       |     1 |     1 ||     2
 Armour: Animal skin       |    15 |    24 |    31 ||    70
         Skin              |    10 |       |       ||    10
  Dodge: Dodged            |    58 |    78 |   126 ||   262
  Block: Other             |     9 |    18 |    50 ||    77
   Form: Flux              |       |       |     1 ||     1

Levels and vault maps discovered:
D:1:      saegor_arrival_miasma, layout_basic, shapermc_ecumenical_altar_petra,
          st_stairs_7
D:2:      layout_loops_cross, uniq_sigmund
D:3:      layout_rooms, ebering_ghost_rock_garden, minmay_misc_feat_square,
          minmay_curled_crystal
D:4:      layout_basic, slow_altar_2, nrook_mini_backslash,
          minmay_joined_circles, uniq_grinder
D:5:      layout_rooms, minmay_overflow_temple_star_quad,
          lemuel_temple_firewalk_a
D:6:      layout_cave_pods, serial_column_ruins, column_ruins_hut,
          column_ruins_square_small, column_ruins_columns_water,
          column_ruins_corridor_dead_end, column_ruins_open_tiny,
          column_ruins_open_small, column_ruins_grid_2,
          nicolae_shop_firing_range
D:7:      layout_basic, serial_shops, shop, minivault_10, nicolae_custom_books,
          serial_park_tiny_pond, uniq_maggie
D:8:      layout_rooms, nicolae_zen_rock_garden
Temple:   eino_temple_rhombus

Notes
Turn   | Place    | Note
-------+----------+-------------------------------------------
     0 | D:1      | kae the Demonspawn Shapeshifter began the quest for the
                  | Orb.
     0 | D:1      | Reached XP level 1. HP: 15/15 MP: 1/1
     0 | D:1      | magus.rc [v1.11.3]
    71 | D:1      | You pick up a book of Misfortune and begin reading...
    71 | D:1      | You add the spells Inner Flame, Yara's Violent Unravelling
                  | and Enfeeble to your library.
   193 | D:1      | Reached skill level 3 in Shapeshifting
   193 | D:1      | Gained mutation: You sometimes gain a little power by
                  | taking damage. [demonic ancestry]
   193 | D:1      | Reached XP level 2. HP: 15/21 MP: 2/2
   335 | D:1      | Found a faded altar of an unknown god.
   566 | D:1      | Reached skill level 3 in Unarmed Combat
   710 | D:1      | Gained mutation: You are partially covered in large bone
                  | plates. (SH +4) [demonic ancestry]
   710 | D:1      | Reached XP level 3. HP: 26/26 MP: 3/3
  1456 | D:2      | You add the spells Tukima's Dance and Passage of Golubria
                  | to your library.
  1717 | D:2      | Noticed a scorpion
  1734 | D:2      | Killed a scorpion
  1735 | D:2      | Reached skill level 2 in Fighting
  1735 | D:2      | Reached XP level 4. HP: 18/34 MP: 4/4
  2066 | D:2      | Noticed Sigmund
  2373 | D:3      | Found a runed translucent gate.
  2374 | D:3      | Found a runed translucent gate.
  2559 | D:3      | Found a runed translucent gate.
  2565 | D:3      | Noticed MoroccanLambKofta's ghost (amateur DsCj)
  2645 | D:3      | Gained mutation: Your touch may inflict minor irresistible
                  | damage on your foes. [demonic ancestry]
  2645 | D:3      | Reached XP level 5. HP: 29/39 MP: 5/5
  2847 | D:4      | Reached skill level 4 in Shapeshifting
  2982 | D:4      | Noticed Grinder
  2984 | D:4      | Grinder changed into Grinder the rust devil
  2984 | D:4      | Noticed Grinder
  3168 | D:4      | Reached skill level 3 in Fighting
  3199 | D:4      | Found a snail-covered altar of Cheibriados.
  3205 | D:4      | Reached XP level 6. HP: 47/47 MP: 6/6
  3250 | D:4      | Grinder the rust devil changed into Grinder the hellwing
  3250 | D:4      | Noticed Grinder
  3279 | D:5      | Entered Level 5 of the Dungeon
  3297 | D:5      | Reached skill level 4 in Unarmed Combat
  3485 | D:5      | You add the spells Summon Forest, Eringya's Noxious Bog and
                  | Summon Hydra to your library.
  3504 | D:5      | Reached skill level 5 in Shapeshifting
  3537 | D:5      | Found a broken altar of Ashenzari.
  3539 | D:5      | Found an ancient bone altar of Kikubaaqudgha.
  3568 | D:5      | Found a hide-covered altar of Uskayaw.
  3877 | D:5      | Found a staircase to the Ecumenical Temple.
  3894 | Temple   | Entered the Ecumenical Temple
  3910 | Temple   | Became a worshipper of Ru the Awakened
  4122 | D:6      | Gained mutation: You sometimes gain power by taking damage.
                  | [demonic ancestry]
  4122 | D:6      | Reached XP level 7. HP: 48/53 MP: 7/7
  4155 | D:6      | Found Xiap's Firing Range.
  4274 | D:6      | Identified the +6 scale mail of a Labyrinth {Stlth+}
  4414 | D:6      | Reached skill level 4 in Fighting
  4434 | D:6      | HP: 12/54 [gnoll/+0 halberd (14)]
  4859 | D:6      | Gained mutation: You are hated by all. [Ru sacrifice]
  4859 | D:6      | Reached * piety under Ru
  4859 | D:6      | Reached ** piety under Ru
  5360 | D:7      | Reached skill level 6 in Shapeshifting
  5395 | D:7      | Reached skill level 5 in Unarmed Combat
  5395 | D:7      | Gained mutation: You are mostly covered in large bone
                  | plates. (SH +6) [demonic ancestry]
  5395 | D:7      | Reached XP level 8. HP: 56/61 MP: 8/8
  5404 | D:7      | Found Atazeamu's Self-Published Books.
  5714 | D:7      | Noticed Maggie
  5726 | D:7      | Killed Maggie
  5727 | D:7      | Reached skill level 5 in Fighting
  5832 | D:7      | Reached skill level 7 in Shapeshifting
  5922 | D:7      | You pick up a book of Displacement and begin reading...
  5922 | D:7      | You add the spells Lesser Beckoning, Gell's Gravitas and
                  | Teleport Other to your library.
  6228 | D:7      | You pick up a book of Weapons and begin reading...
  6228 | D:7      | You add the spells Portal Projectile and Iskenderun's
                  | Mystic Blast to your library.
  6273 | D:7      | Reached skill level 6 in Unarmed Combat
  6578 | D:7      | Found Ximifeh's General Store.
  6588 | D:7      | Bought a potion of curing for 42 gold pieces
  6674 | D:8      | Gained mutation: You are powered by pain. [demonic
                  | ancestry]
  6674 | D:8      | Reached XP level 9. HP: 52/68 MP: 9/9
  6692 | D:8      | Reached skill level 8 in Shapeshifting
  7260 | D:8      | Noticed a two-headed ogre
  7284 | D:8      | HP: 20/102 [two-headed ogre/+0 giant spiked club (10)]
  7286 | D:8      | Slain by a two-headed ogre

Vanquished Creatures
  Maggie (D:7)
  An orc warrior (D:7)
  A sky beast (D:7)
  2 black bears
  2 centaurs
  A kobold brigand (D:6)
  6 bullfrogs
  4 scorpions
  4 wights (D:8)
  8 killer bees (D:8)
  A howler monkey (D:7)
  An iron imp (D:4)
  3 hounds
  An orc priest (D:7)
  A jelly (D:6)
  3 iguanas
  6 orc wizards
  7 gnolls
  3 adders
  A shadow imp (D:7)
  An ufetubus (D:5)
  3 dart slugs
  22 orcs
  8 ball pythons
  5 bats
  4 endoplasms (D:1)
  A giant cockroach (D:1)
  9 goblins
  4 hobgoblins
  3 jackals (D:5)
  12 kobolds
  3 quokkas
  3 training dummies (D:6)
  7 frilled lizards
  6 rats
148 creatures vanquished.

Table legend:
 A = Non-vault XP
 B = Vault XP
 C = Vault XP percentage of total XP
 D = Non-vault monster count
 E = Vault monster count
 F = Vault count percentage of total count
                 A         B        C        D         E       F
            +---------+---------+-------+---------+---------+-------
      Total |    3434 |     412 |  10.7 |     141 |       7 |   4.7
            +---------+---------+-------+---------+---------+-------
        D:1 |      54 |       4 |   6.9 |      31 |       2 |   6.1
        D:2 |     123 |       0 |   0.0 |      13 |       0 |   0.0
        D:3 |      27 |       0 |   0.0 |      13 |       0 |   0.0
        D:4 |     156 |      44 |  22.0 |       9 |       1 |  10.0
        D:5 |     280 |       0 |   0.0 |      14 |       0 |   0.0
        D:6 |     605 |       6 |   1.0 |      23 |       3 |  11.5
        D:7 |     996 |     358 |  26.4 |      22 |       1 |   4.3
        D:8 |    1193 |       0 |   0.0 |      16 |       0 |   0.0
            +---------+---------+-------+---------+---------+-------

Skill      XL: |  1  2  3  4  5  6  7  8  9 |
---------------+----------------------------+-----
Shapeshifting  | 3 4 5 6 7 8 |  8.7
Unarmed Combat | 3 4 5 6 |  6.8
Fighting       | 2 3 4 5 |  5.0
Dodging        | |  1.7

Action                     |  1- 3 |  4- 6 |  7- 9 || total
---------------------------+-------+-------+-------++-------
  Melee: Unarmed           |   128 |   118 |   210 ||   456
         Punch             |     3 |     3 |     3 ||     9
         Touch             |       |    13 |    39 ||    52
 Invoke: Sacrifice Love    |       |       |     1 ||     1
  Evoke: Wand              |       |     4 |       ||     4
    Use: Scroll            |     3 |    15 |     2 ||    20
         Potion            |     1 |       |     2 ||     3
   Stab: Sleeping          |     2 |     1 |       ||     3
         Distracted        |       |     1 |     1 ||     2
 Armour: Animal skin       |    15 |    24 |    31 ||    70
         Skin              |    10 |       |       ||    10
  Dodge: Dodged            |    58 |    78 |   126 ||   262
  Block: Other             |     9 |    18 |    50 ||    77
   Form: Flux              |       |       |     1 ||     1

Illustrated notes

Table legend:
 A = Kills in this place as a percentage of kills in the entire game.
 B = Kills by you in this place as a percentage of kills by you in the entire game.
 C = Kills by friends in this place as a percentage of kills by friends in the entire game.
 D = Other kills in this place as a percentage of other kills in the entire game.
 E = Experience gained in this place as a percentage of experience gained in the entire game.
 F = Experience gained in this place divided by the number of levels of this place that you have seen.
                   A       B       C       D       E      F
               +-------+-------+-------+-------+-------+----------------------
         Total | 100.0 | 100.0 |   N/A |   N/A | 100.0 | 427.3
       Dungeon | 100.0 | 100.0 |   N/A |   N/A | 100.0 | 480.8
               +-------+-------+-------+-------+-------+----------------------

Table legend: (Time is in decaauts)
 A = Elapsed time spent in this place.
 B = Non-inter-level travel time spent in this place.
 C = Inter-level travel time spent in this place.
 D = Time resting spent in this place.
 E = Time spent auto-exploring this place.
 F = Levels seen in this place.
 G = Mean time per level.
                   A        B        C        D        E       F      G
               +--------+--------+--------+--------+--------+-----+--------+
         Total |   7248 |   6985 |    263 |    634 |   5272 |   9 |  805.3 |
       Dungeon |   7215 |   6984 |    231 |    634 |   5272 |   8 |  901.9 |
        Temple |     32 |      1 |     31 |      0 |      0 |   1 |   32.0 |
               +--------+--------+--------+--------+--------+-----+--------+

Top non-repeatable levels by time:
     D:1: 1401 daAuts
     D:7: 1319 daAuts
     D:6: 1194 daAuts
     D:2: 807 daAuts
     D:5: 774 daAuts
     D:8: 660 daAuts
     D:3: 627 daAuts
     D:4: 430 daAuts
  Temple: 32 daAuts
